← All builds
Beach sea / Cortex / Economy first / OBSERVED BUILD

Standard beach sea

Cortex Beach sea build order · Supreme Isthmus

The role's usual play: com goes to sea to build a shipyard around 2 minutes, pumping frigates and destroyers to contest enemy sea entry or hold vision, with an advanced metal extractor around 10 minutes as the transition into the team's…

Usually shipyard first (93%)

#naval #eco · 1647 distinct matches · 210 players · 84% of Cortex Beach sea games · team won 55% of 1852 · Recently observed

HOW TO PLAY IT

Key timing: Shipyard by 1:56

  1. Open 3 mex, then send com to sea to build Shipyard by 1:56.
  2. Add tidal generators, wind and more mex to fund the shipyard.
  3. Pump Riptide first, then Oppressor to contest enemy sea entry.
  4. Get T2 constructor out to start scaling the naval economy.
  5. Transition into Advanced Metal Extractor as the economy phase begins.

Phase by phase

TYPICAL OF ITS 1647 GAMES
  1. 1
  2. 2
  3. 3
PLAY THE OPENING

Follow the example game's first 6:00 step by step: what to build now, what comes next, and where it goes. At 1× it keeps pace with your own game.

  1. 1

    Up to the Shipyard

    Economy
    • Metal Extractor3Mex
    • Wind Turbine3Windfor allies
    • Wind Turbine2Wind
    • Energy Storage1Energy storage
    Order
    1. ShipyardShipyard after 3 mex, 2 wind, 1 energy storagedone ~1:56, middle half 1:44–2:07

    Some games also: Guard (31%)

    By 1:39 in all: 3 mex · 2 wind · 1 energy storage

    The example game in this phase · 5 steps
    1. Mex ×3
    2. Wind ×2for Air
    3. Wind ×3
    4. Energy storage
    5. ShipyardShipyarddone 1:57 · typical 1:56
  2. 2

    Shipyard to 5:00

    Economy
    • Metal Extractor5Mex
    • Tidal Generator2Tidal
    Builders
    • Construction Ship2 Con ship
    Army
    • Riptide2 Frigate
    • Herring1 Missile corvette
    • Oppressor1 Destroyer
    Other
    • Naval Radar / Sonar Tower1 Naval Radar / Sonar Tower

    Some games also: Urchin (46%) · mex (38%) · submarine (37%) · wind (37%) · wind (35%)

    By 5:00 in all: 8 mex · 3 wind · 2 tidal · 1 energy storage

    The example game in this phase · 17 steps
    1. Construction ShipCon ship ×2
    2. RiptideFrigatedone 2:30 · typical 3:50
    3. Mex
    4. OrcaSubmarinedone 3:10
    5. Mex ×2
    6. HerringMissile corvette
    7. RiptideFrigate
    8. Mex
    9. Naval Energy Converter
    10. RiptideFrigate
    11. Wind
    12. Mex
    13. Wind
    14. Naval Construction Turret
    15. Death CavalryDeath Cavalry
    16. Naval Radar / Sonar TowerNaval Radar / Sonar Tower
    17. Wind
  3. 3

    5:00 to 10:00

    Economy
    • Metal Extractor2Mex
    • Wind Turbine8Wind
    Builders
    • Construction Ship1 Con ship
    • Death Cavalry1 Death Cavalry
    Army
    • Urchin1 Urchin
    • Riptide5 Frigate
    • Oppressor2 Destroyer
    • Herring2 Missile corvette
    Other
    • Naval Radar / Sonar Tower1 Naval Radar / Sonar Tower

    Some games also: Naval Construction Turret (49%) · Guard (47%) · tidal (40%) · Radar Tower (40%) · wind (34%)

    By 10:00 in all: 9 mex · 10 wind · 4 wind · 4 tidal · 1 energy storage · 1 Naval Construction Turret

    The example game in this phase · 44 steps
    1. Wind
    2. Tidal
    3. OppressorDestroyerdone 6:19 · typical 5:16
    4. Naval Radar / Sonar TowerNaval Radar / Sonar Tower
    5. Tidal
    6. Wind
    7. Tidal
    8. Wind
    9. Tidal
    10. Wind
    11. RiptideFrigate
    12. Wind
    13. HerringMissile corvette
    14. Dragon's MawDragon's Maw
    15. RiptideFrigate
    16. OppressorDestroyer
    17. UrchinUrchin
    18. Naval Radar / Sonar TowerNaval Radar / Sonar Tower
    19. UrchinUrchin
    20. Death CavalryDeath Cavalry
    21. RiptideFrigate ×2
    22. Advanced Metal ExtractorT2 mexdone 10:03 · typical 9:59
    23. GuardGuard ×2
    24. OppressorDestroyer
    25. Advanced Metal ExtractorT2 mex
    26. Construction ShipCon ship
    27. HerringMissile corvette
    28. Naval Construction Turret
    29. Naval Radar / Sonar TowerNaval Radar / Sonar Tower
    30. RiptideFrigate
    31. Advanced Metal ExtractorT2 mex
    32. RiptideFrigate
    33. Naval Radar / Sonar TowerNaval Radar / Sonar Tower
    34. RiptideFrigate
    35. Mex
    36. RiptideFrigate ×2
    37. Naval Radar / Sonar TowerNaval Radar / Sonar Tower
    38. Fusion ReactorFusionnot finished by 15:00
    39. RiptideFrigate
    40. OppressorDestroyer
    41. SlingshotSlingshot
    42. OppressorDestroyer
    43. SlingshotSlingshot
    44. Aircraft PlantAircraft Plantnot finished by 15:00

Counts are medians over the build's games: half of them build more, half fewer. The example game is Parasaurolophus's (31 OS, 14/10/2026); pick another.

Team trades

IN AT LEAST 30% OF ITS GAMES

You hand over

  • Wind Turbine3 Wind to Airfirst at 1:45 · in 77% of games

You get

  • Finch1 Finch from Airfirst at 2:00 · in 80% of games
  • Lazarus1 Lazarus from Geofirst at 2:13 · in 62% of games
  • Hephaestus1 Heavy transport from Airfirst at 2:15 · in 64% of games
  • Construction Bot1 Con bot from Geofirst at 2:26 · in 69% of games
  • Hercules1 Light transport from Airfirst at 2:33 · in 32% of games
  • Advanced Construction Bot1 T2 con bot from Techfirst at 8:09 · in 88% of games

How it plays out

Typical game of this build, running totals by minute

Metal produced

010k20k30k
0:005:0010:0015:00

metal

Enemy metal destroyed

05k10k
0:005:0010:0015:00

metal

Own metal lost

02.5k5k7.5k
0:005:0010:0015:00

metal

1852 games.

Show as table
ByMetal produced: This buildEnemy metal destroyed: This buildOwn metal lost: This build
1:0040300
2:0093700
3:00155200
4:002539051
5:003717176101
6:005049485276
7:006495982590
8:00808116701000
9:00968526141521
10:001154137112298
11:001368547193060
12:001623757883851
13:001890468774613
14:002163179225659
15:002453388876511
WHAT THE NUMBERS SAY

Standard Beach sea play has the lowest team win rate of these builds and destroys far less enemy metal early than it loses eco time.

  • + Metal produced climbs to 24945 by 15:00, the highest of all six roles.
  • + Riptide and Oppressor together make 63% of army, a focused naval composition.
  • − Enemy metal destroyed is only 200 by 5:00, barely contesting early sea.
  • − T2 factory only reached in 35% of games, behind other roles' T2 timing.
THE EXAMPLE YOU ARE READING

Parasaurolophus

31.0 OS · 14/10/2026

Open source match ↗

5 received units · includes a constructor
62 metal received · 28263 energy received

Allied construction assistance is unknown. Timings are observations, not a promise of solo reproducibility.

Typical milestones

Shipyard1:56Middle 50%: 1:44–2:07 · n=1849
Riptide3:50Middle 50%: 3:12–4:33 · n=1804
Oppressor5:16Middle 50%: 4:30–6:08 · n=1784
Advanced Metal Extractor9:59Middle 50%: 9:17–10:54 · n=1561

Played most by

EpicTyrannus120games of this buildDamsko69games of this buildKbot_my_Ahole67games of this buildSHOGVN65games of this buildfanboi64games of this build